 Dungeon Crawl Stone Soup version 0.25-a0-110-ge29c8f2358 (webtiles) character file.

Game seed: 1802843191047510723, levelgen mode: deterministic

4136 vurker the Cleaver (level 10, -1/80 HPs)
             Began as a Formicid Abyssal Knight on Nov 19, 2019.
             Was an Elder of Lugonu.
             Slain by a wight
             ... wielding a +3 dire flail
              (2 damage)
             ... on level 9 of the Dungeon.
             The game lasted 00:16:42 (9836 turns).

vurker the Cleaver (Formicid Abyssal Knight)        Turns: 9836, Time: 00:16:43

Health: -1/80      AC: 14    Str: 25    XL:     10   Next: 51%
Magic:  8/16       EV: 10    Int: 12    God:    Lugonu [****..]
Gold:   340        SH: 10    Dex: 10    Spells: 9/9 levels left

rFire    . . .     SeeInvis +   a - +1 hand axe
rCold    . . .     Gourm    .   G - +2 shield {AC+3}
rNeg     . . .     Faith    .   h - +0 chain mail
rPois    .         Spirit   .   (helmet unavailable)
rElec    .         Reflect  .   j - +0 cloak
rCorr    .         Harm     .   z - +1 pair of gloves
MR       +....                  (no boots)
Stlth    ..........             (no amulet)
HPRegen  0.23/turn              u - +5 ring of evasion
MPRegen  0.15/turn              B - +5 ring of strength

@: drained
A: permanent stasis, dig shafts and tunnels, four strong arms, antennae 3
a: Dig, Shaft Self, Depart the Abyss, Bend Space, Banish, Corrupt, Renounce
Religion


You were on level 9 of the Dungeon.
You worshipped Lugonu.
Lugonu was greatly pleased with you.
You were very hungry.

You visited 1 branch of the dungeon, and saw 9 of its levels.
You visited the Abyss 1 time.
You also visited: Ossuary.

You collected 418 gold pieces.
You spent 78 gold pieces at shops.

Inventory:

Hand Weapons
 a - a +1 hand axe (weapon)
Missiles
 o - 5 curare-tipped darts (quivered)
 F - a throwing net
Armour
 h - a +0 chain mail (worn)
   (You found it on level 1 of the Dungeon)
 j - a +0 cloak (worn)
   (You found it on level 1 of the Dungeon)
 z - a +1 pair of gloves (worn)
   (You found it on level 7 of the Dungeon)
 G - a +2 shield of protection (worn)
   (You took it off a gnoll sergeant on level 9 of the Dungeon)
Jewellery
 q - an uncursed ring of fire
   (You found it on level 2 of the Dungeon)
 u - a +5 ring of evasion (left hand)
   (You found it on level 3 of the Dungeon)
 B - a +5 ring of strength (right hand)
   (You found it on level 6 of the Dungeon)
Wands
 c - a wand of disintegration (10)
   (You found it on level 4 of the Dungeon)
 s - a wand of scattershot (1)
   (You took it off Ijyb on level 3 of the Dungeon)
 t - a wand of flame (42)
   (You found it on level 3 of the Dungeon)
 v - a wand of digging (4)
   (You found it on level 8 of the Dungeon)
 x - a wand of acid (9)
   (You found it on level 5 of the Dungeon)
Scrolls
 g - a scroll of noise {unknown}
 l - 3 scrolls of remove curse {unknown}
 m - 3 scrolls of fear {unknown}
 n - 3 scrolls of enchant weapon {unknown}
 p - 2 scrolls of magic mapping {unknown}
 r - 7 scrolls of teleportation {unknown}
 w - a scroll of vulnerability {unknown}
 y - a scroll of fog {unknown}
 E - a scroll of enchant armour {unknown}
 H - a scroll of immolation {unknown}
Potions
 b - 5 potions of lignification
 d - 5 potions of heal wounds
 f - 4 potions of brilliance
 i - a potion of resistance
 k - 6 potions of curing
 A - 2 potions of cancellation {unknown}
 D - 2 potions of flight
Comestibles
 e - 10 rations


   Skills:
 + Level 8.1(7.4) Fighting
 * Level 9.9(9.2) Axes
 - Level 2.1(1.6) Armour
 - Level 0.8(0.2) Dodging
 + Level 1.8(1.2) Shields
 + Level 8.5(7.8) Invocations
 - Level 5.0(4.3) Evocations


You had 9 spell levels left.
You didn't know any spells.
Your spell library contained the following spells:

 Spells                   Type           Power        Failure   Level  Hunger
 Beastly Appendage        Tmut           #.....       100%        1    ##.....
 Confusing Touch          Hex            #.....       100%        1    ##.....
 Sticks to Snakes         Tmut           #.......     100%        2    ###....
 Confuse                  Hex            #.......     100%        3    ####...
 Gell's Gravitas          Tloc           #.........   100%        3    ####...
 Spider Form              Tmut/Pois      #.........   100%        3    ####...
 Ice Form                 Ice/Tmut       #.......     100%        4    #####..
 Petrify                  Tmut/Erth      #.......     100%        4    #####..
 Blade Hands              Tmut           #.........   100%        5    ######.
 Metabolic Englaciation   Hex/Ice        #.........   100%        5    ######.
 Yara's Violent Unravell  Hex/Tmut       #.........   100%        5    ######.


Dungeon Overview and Level Annotations

Branches:
Dungeon (9/15)             Temple (0/1) D:6             Orc (0/2) D:9
Ossuary (visited)
   Lair: D:8-11

Altars:
Dithmenos
Elyvilon
Gozag
Makhleb
Okawaru
Ru
Sif Muna
Trog
Uskayaw
Vehumet
Wu Jian
Xom
Yredelemnul
Zin
Beogh

Shops:
D:4 ?([

Annotations:
D:3 2 runed translucent doors, ThereIsNoGod's ghost, amateur OpFi
D:7 2 transporters


Innate Abilities, Weirdness & Mutations

You cannot be hasted, slowed, berserked, paralysed or teleported.
You can dig through walls and to a lower floor.
Your four strong arms can wield two-handed weapons with a shield.
You have a pair of large antennae on your head. (SInv)


Message History

You hit the bullfrog.
You kill the bullfrog!
Lugonu accepts your kill.
No target in view!
No target in view!
You are feeling hungry.
A wight comes into view. It is wielding a +0 battleaxe.
A wight comes into view.
It is wielding a +3 dire flail and carrying a wand of disintegration (12).
Items here: ( ))) ††
Things that are here:
a +0 scimitar; a +0 chain mail
Aim: a wight, wielding a +0 battleaxe and wearing a +0 robe (chance to defeat MR: 83%)
The wight is blasted!
You slash the wight!
You destroy the wight!
Lugonu accepts your kill.
Things that are here:
a +0 battleaxe; a +0 robe You hit the wight but do no damage.
The wight hits you with a +3 dire flail.
You hit the wight. The wight hits you but does no damage.
You barely miss the wight.
Aim: a wight, wielding a +3 dire flail, wearing a +0 robe and carrying a wand of disintegration (12) (lightly damaged, chance to defeat MR: 83%)
The wight barely resists.
You block the wight's attack.
You slash the wight!
The wight zaps a wand.
You are blasted!
* * * LOW HITPOINT WARNING * * *
Aim: a wight, wielding a +3 dire flail, wearing a +0 robe and carrying a wand of disintegration (11) (heavily damaged)
The bolt of acid misses the wight.
The wight zaps a wand.
You resist with significant effort.
You closely miss the wight. You block the wight's attack.
You closely miss the wight.
The wight zaps a wand.
You are blasted!
* * * LOW HITPOINT WARNING * * *
Aim: a wight, wielding a +3 dire flail, wearing a +0 robe and carrying a wand of disintegration (9) (heavily damaged, chance to defeat MR: 85%)
The wight barely resists.
You are feeling very hungry.
The wight hits you with a +3 dire flail.
* * * LOW HITPOINT WARNING * * *
You feel drained.
* * * LOW HITPOINT WARNING * * *
Aim: a wight, wielding a +3 dire flail, wearing a +0 robe and carrying a wand of disintegration (9) (heavily damaged, chance to defeat MR: 85%)
The wight barely resists.
You feel somewhat more hungry.
The wight hits you with a +3 dire flail!
* * * LOW HITPOINT WARNING * * *
You feel drained.
You die...

..# #..# #..# ..
#..# .... #..# #..#
.....#######..# #..#
.......)).....# #..#
.......†..z...# #..#
.....######@..###..#
##.. #........# #.
#........# #
#...###=.# #...#
#..# #...# #..#
#...# #...#
#.÷####### .. #...#
#...# #.....(... ..
#...# #...#
#..#######


You could see a wight.

Vanquished Creatures
  Joseph (D:7)
  Psyche (D:8)
  Sigmund (D:5)
  Edmund (D:5)
  2 orc warriors
  2 ogres
  2 phantoms
  A centaur (D:8)
  A crocodile (D:8)
  A gnoll sergeant (D:9)
  7 bullfrogs
  3 killer bees (D:6)
  6 wights (D:9)
  4 howler monkeys
  8 crimson imps
  5 hounds
  A human zombie (Ossuary)
  A jelly (D:7)
  9 orc wizards
  An orc priest (D:9)
  A bullfrog skeleton (D:9)
  A centaur skeleton (D:6)
  Ijyb (D:3)
  An iguana (D:4)
  5 worker ants
  4 big kobold zombies (Ossuary)
  A hound zombie (D:8)
  A hound skeleton (D:7)
  2 mummies (Ossuary)
  4 gnolls (D:9)
  A worker ant zombie (D:6)
  A howler monkey skeleton (D:6)
  13 adders
  3 shadow imps
  An adder zombie (Ossuary)
  An adder skeleton (D:9)
  2 worms
  6 dart slugs
  3 leopard geckos
  17 orcs
  7 bats
  3 giant cockroaches (D:1)
  14 goblins
  7 hobgoblins
  6 quokkas
  3 ball pythons
  4 frilled lizards
  2 goblin zombies (Ossuary)
  9 hobgoblin zombies (Ossuary)
  5 kobolds
  8 kobold zombies (Ossuary)
  10 orc zombies (Ossuary)
  2 quokka skeletons (D:5)
  7 rats
  2 rat zombies (Ossuary)
216 creatures vanquished.

Vanquished Creatures (others)
  3 killer bees (D:6)
3 creatures vanquished.

Grand Total: 219 creatures vanquished

Notes
Turn   | Place    | Note
-------+----------+-------------------------------------------
     0 | Abyss:1  | vurker the Formicid Abyssal Knight began the quest for the
                  | Orb.
     0 | Abyss:1  | Reached XP level 1. HP: 18/18 MP: 2/2
    12 | Abyss:1  | Found a corrupted altar of Lugonu.
    39 | D:1      | Escaped the Abyss
   212 | D:1      | Reached XP level 2. HP: 22/24 MP: 3/3
   477 | D:1      | Reached XP level 3. HP: 17/29 MP: 4/4
   720 | D:1      | Reached ** piety under Lugonu
   843 | D:1      | Reached skill level 3 in Axes
  1583 | D:2      | Found a white marble altar of Elyvilon.
  1594 | D:2      | Found a basalt altar of Yredelemnul.
  1603 | D:2      | Reached XP level 4. HP: 36/37 MP: 6/6
  2088 | D:3      | Reached XP level 5. HP: 41/42 MP: 7/7
  2119 | D:3      | Noticed Ijyb
  2159 | D:3      | Killed Ijyb
  2159 | D:3      | Reached skill level 4 in Axes
  2220 | D:3      | Found a large runed translucent door.
  2255 | D:3      | Found a large runed translucent door.
  2284 | D:3      | Noticed ThereIsNoGod's ghost (amateur OpFi)
  2322 | D:3      | Found a sacrificial altar of Ru.
  2362 | D:3      | Reached XP level 6. HP: 43/49 MP: 8/8
  2435 | D:3      | Found a shimmering blue altar of Sif Muna.
  2810 | D:4      | Found Laoh's Armour Shoppe.
  2810 | D:4      | Found Veogamia's Magic Scroll Boutique.
  2836 | D:4      | Bought a scroll of identify for 26 gold pieces
  2839 | D:4      | Bought a scroll of identify for 26 gold pieces
  2839 | D:4      | Bought a scroll of identify for 26 gold pieces
  2865 | D:4      | Noticed an ogre
  2868 | D:4      | Killed an ogre
  2897 | D:4      | Found a white marble altar of Elyvilon.
  2897 | D:4      | Found an ornate altar of the Wu Jian Council.
  2923 | D:4      | Found a faded altar of an unknown god.
  2925 | D:4      | Found a shimmering altar of Xom.
  2926 | D:4      | Found a glowing silver altar of Zin.
  2951 | D:4      | Reached skill level 5 in Axes
  3028 | D:4      | Found a sand-covered staircase.
  3034 | Ossuary  | Entered an ossuary
  3083 | Ossuary  | Reached *** piety under Lugonu
  3150 | Ossuary  | Reached XP level 7. HP: 55/55 MP: 10/10
  3237 | Ossuary  | Reached skill level 5 in Fighting
  3727 | D:4      | Found Hiatziac's Antique Weapon Emporium.
  3978 | D:5      | Entered Level 5 of the Dungeon
  4028 | D:5      | Reached skill level 5 in Invocations
  4148 | D:5      | Reached skill level 6 in Axes
  4268 | D:5      | Reached XP level 8. HP: 56/63 MP: 11/11
  4408 | D:5      | Noticed Sigmund
  4416 | D:5      | Killed Sigmund
  4416 | D:5      | Reached skill level 1 in Evocations
  4651 | D:5      | Noticed Edmund
  4669 | D:5      | Killed Edmund
  5229 | D:6      | Found a shadowy altar of Dithmenos.
  5246 | D:6      | Reached skill level 7 in Axes
  5251 | D:6      | Found a staircase to the Ecumenical Temple.
  5329 | D:6      | Reached **** piety under Lugonu
  5489 | D:6      | Reached XP level 9. HP: 70/70 MP: 13/13
  5516 | D:6      | Found a shadowy altar of Dithmenos.
  6451 | D:6      | Reached skill level 8 in Axes
  6512 | D:7      | Found a burning altar of Makhleb.
  6779 | D:7      | Noticed Joseph
  6804 | D:7      | Killed Joseph
  7253 | D:7      | Found a transporter.
  7253 | D:7      | Found a transporter.
  7409 | D:7      | Found a radiant altar of Vehumet.
  7409 | D:7      | Found an opulent altar of Gozag.
  8024 | D:8      | Noticed a +0 dagger
  8025 | D:8      | Noticed a +0 dagger
  8079 | D:8      | Reached XP level 10. HP: 60/79 MP: 15/15
  8081 | D:8      | Reached skill level 9 in Axes
  8202 | D:8      | Found a hide-covered altar of Uskayaw.
  8355 | D:7      | Found a roughly hewn altar of Beogh.
  8427 | D:8      | Found a bloodstained altar of Trog.
  8486 | D:8      | Reached skill level 5 in Evocations
  8537 | D:8      | Found an iron altar of Okawaru.
  8553 | D:8      | Noticed Psyche
  8579 | D:8      | Killed Psyche
  9030 | D:9      | Found a staircase to the Orcish Mines.
  9472 | D:9      | Reached skill level 1 in Shields
  9836 | D:9      | HP: 1/80 [wight/+3 dire flail (10)]
  9836 | D:9      | Slain by a wight

Levels and vault maps discovered:
D:1:      dpeg_arrival_tiny_k, layout_rooms
D:2:      layout_loops_ring, yredelemnul_altar_generic, first_ration,
          elyvilon_altar_5
D:3:      layout_rooms, led_sif_pool, nicolae_ru_great_annihilating_truth,
          ebering_ghost_disaster_area, uniq_ijyb
D:4:      minmay_angry_zag, layout_loops_ring,
          chequers_temple_overflow_minitemple, serial_shops,
          nicolae_shop_crystal, nicolae_shop_trees, shop_statue,
          nicolae_ossuary_entry_plus
D:5:      layout_gridville, uniq_edmund, uniq_sigmund
D:6:      minmay_flawed_box, layout_basic, grunt_dithmenos_shadows,
          minmay_temple_entry_butterflies, basic_altar
D:7:      gammafunk_beogh_shrine, layout_loops_corners,
          makhleb_heckhound_becter, gammafunk_temple_overflow_pools, uniq_joseph
D:8:      layout_cave_pools, dancing_weapons_uskayaw, okawaru_gym_becter,
          trog_hazing_becter, uniq_psyche
D:9:      layout_long_grid, orc_david_3

Skill      XL: |  1  2  3  4  5  6  7  8  9 10 |
---------------+-------------------------------+-----
Axes           | 3 4 5 6 7 8 9 |  9.9
Fighting       | 4 5 6 7 8 |  8.1
Invocations    | 3 4 5 6 7 8 |  8.5
Evocations     | 3 4 5 |  5.0
Shields        | 1 |  1.8
Armour         | |  2.1
Dodging        | |  0.8

Action                   |  1- 3 |  4- 6 |  7- 9 | 10-12 || total
-------------------------+-------+-------+-------+-------++-------
Melee: Hand axe          |    94 |   253 |   518 |   186 ||  1051
Throw: Dart              |       |     1 |     1 |     1 ||     3
Invok: Banish            |       |       |     3 |     2 ||     5
Evoke: Wand              |       |     1 |     5 |    10 ||    16
  Use: Scroll            |       |     5 |     3 |       ||     8
       Potion            |       |       |     1 |       ||     1
 Stab: Paralysed         |       |     2 |       |       ||     2
  Eat: Chunk             |     2 |     6 |    10 |     5 ||    23
       Ration            |       |       |     2 |       ||     2
Armor: Leather armour    |     7 |       |       |       ||     7
       Chain mail        |    39 |   140 |   207 |    64 ||   450
Dodge: Dodged            |    46 |   123 |   311 |   101 ||   581
Block: Shield            |       |       |       |    56 ||    56

Table legend:
 A = Non-vault XP
 B = Vault XP
 C = Vault XP percentage of total XP
 D = Non-vault monster count
 E = Vault monster count
 F = Vault count percentage of total count
                 A         B        C        D         E       F
            +---------+---------+-------+---------+---------+-------
      Total |    3816 |    2093 |  35.4 |     148 |      71 |  32.4
            +---------+---------+-------+---------+---------+-------
        D:1 |      49 |       0 |   0.0 |      27 |       0 |   0.0
        D:2 |      89 |       0 |   0.0 |      14 |       0 |   0.0
        D:3 |      72 |      95 |  56.9 |      19 |       5 |  20.8
        D:4 |     225 |       3 |   1.3 |       9 |       1 |  10.0
        D:5 |     334 |     383 |  53.4 |       9 |       2 |  18.2
        D:6 |     858 |     310 |  26.5 |      20 |       6 |  23.1
        D:7 |     238 |     484 |  67.0 |       7 |       2 |  22.2
        D:8 |     960 |     578 |  37.6 |      17 |       8 |  32.0
        D:9 |     991 |      24 |   2.4 |      26 |       8 |  23.5
    Ossuary |       0 |     216 | 100.0 |       0 |      39 | 100.0
            +---------+---------+-------+---------+---------+-------
